 Dungeon Crawl Stone Soup version 0.27-a0-1548-gf8a67e7463 (webtiles) character file.

Game seed: 16703917317301974790

382 bande the Shield-Bearer (level 6, -2/38 HPs)
             Began as a Gargoyle Fighter on July 13, 2021.
             Slain by an ogre (10 damage)
             ... on level 4 of the Dungeon.
             The game lasted 00:06:54 (4109 turns).

bande the Shield-Bearer (Gargoyle Fighter)          Turns: 4109, Time: 00:06:55

Health: -2/38      AC: 14    Str: 20    XL:     6   Next: 76%
Magic:  6/6        EV:  5    Int:  9    God:
Gold:   110        SH:  9    Dex: 10    Spells: 5/5 levels left

rFire    . . .     SeeInvis .   a - +0 war axe
rCold    . . .     Faith    .   c - +0 kite shield
rNeg     + . .     Spirit   .   f - +0 chain mail
rPois    ∞         Reflect  .   (no helmet)
rElec    +         Harm     .   (no cloak)
rCorr    .         Rampage  .   (no gloves)
Will     .....                  (no boots)
Stlth    ..........             (no amulet)
HPRegen  0.12/turn              (no ring)
MPRegen  0.10/turn              (no ring)

@: no status effects
A: sickness immunity, AC +4, negative energy resistance 1, electricity
resistance, torment resistance 1, petrification resistance
a: no special abilities


You were on level 4 of the Dungeon.
You visited 1 branch of the dungeon, and saw 4 of its levels.

You collected 110 gold pieces.

Inventory:

Hand Weapons
 a - a +0 war axe (weapon)
 d - a +3 flail
 p - a +0 flail
Missiles
 r - 2 curare-tipped darts (quivered)
Armour
 c - a +0 kite shield (worn)
 f - a +0 chain mail (worn)
Jewellery
 n - an amulet of the acrobat
Scrolls
 e - 3 scrolls of identify
 g - a scroll of holy word
 i - a scroll of fear
 j - a scroll of enchant armour {unknown}
 k - a scroll of blinking
 m - 2 scrolls of teleportation
Potions
 b - a potion of invisibility
 h - a potion of brilliance {unknown}


   Skills:
 + Level 4.2 Fighting
 + Level 4.1 Axes
 + Level 4.5 Armour
 + Level 0.4 Dodging
 + Level 5.0 Shields


You had 5 spell levels left.
You didn't know any spells.
Your spell library contained the following spells:

 Spells                   Type           Power      Damage    Failure   Level
 Shock                    Conj/Air       0%         1d3       100%        1
 Swiftness                Air            0%         N/A       100%        3
 Airstrike                Air            0%         N/A       100%        4


Dungeon Overview and Level Annotations

Branches:
Dungeon (4/15)
 Temple: D:4-7

Altars:
Hepliaklqana
Vehumet


Innate Abilities, Weirdness & Mutations

You are immune to sickness and miasma.
Your stone body is resilient. (AC +4)
You are immune to poison.
You resist negative energy. (rN+)
You are resistant to electric shocks. (rElec)
You are resistant to unholy torment.
You are immune to petrification.


Message History

No target in view!
No target in view!
No target in view!
No target in view!
As you open the door, it creaks loudly!
There is an open door here.
There is an open door here.
There is an open door here.
You open the door.
An ogre comes into view. It is wielding a +0 giant spiked club.
The ogre shouts!
An ogre is nearby!
The ogre hits you with a +0 giant spiked club!
There is an open door here.
You barely miss the ogre. You block the ogre's attack.
You completely miss the ogre.
The ogre hits you with a +0 giant spiked club.
You are too injured to fight recklessly!
You are too injured to fight recklessly!
You are too injured to fight recklessly!
You are too injured to fight recklessly!
You are too injured to fight recklessly!
You are too injured to fight recklessly!
You slash the ogre!
The ogre is heavily wounded.
The ogre hits you with a +0 giant spiked club!
* * * LOW HITPOINT WARNING * * *
You slash the ogre!
The ogre is severely wounded.
The ogre hits you but does no damage.
Your shield and chain mail prevent you from hitting the ogre.
The ogre is severely wounded.
You block the ogre's attack. The ogre hits you but does no damage.
You hit the ogre.
The ogre is almost dead.
You block the ogre's attack.
You hit the ogre but do no damage.
The ogre is almost dead.
The ogre hits you with a +0 giant spiked club!
You die...

######.....#############.....#)..
#.......####................##...
#.......#..#................#....
#.......'..#................'....
#.......#..'................#....
#.......####................#....
#...............####....######'##
#...............#..#....# #....
#...............@O.#..<.# +....
†...............#..+....# #....
#.......#'#######..#....#####...÷
####'####......# ###....#.......)
...............# #....#........
................# #....#........
................+ #....#........
##.....##.......# +....#........
##.....##..#########....##.####..


You could see an ogre.

Vanquished Creatures
  2 black bears (D:4)
  An iguana (D:4)
  2 orc wizards
  A hound skeleton (D:4)
  3 adders
  2 dart slugs (D:1)
  10 orcs
  7 ball pythons
  5 endoplasms
  8 goblins
  4 hobgoblins
  6 jackals (D:1)
  7 kobolds
  3 quokkas
  7 bats
  3 frilled lizards (D:2)
  7 rats
78 creatures vanquished.

Notes
Turn   | Place    | Note
-------+----------+-------------------------------------------
     0 | D:1      | bande the Gargoyle Fighter began the quest for the Orb.
     0 | D:1      | Reached XP level 1. HP: 14/14 MP: 1/1
    49 | D:1      | Found a faded altar of an unknown god.
   134 | D:1      | Reached XP level 2. HP: 18/19 MP: 2/2
   388 | D:1      | Reached XP level 3. HP: 23/23 MP: 3/3
   994 | D:2      | Found a radiant altar of Vehumet.
  2026 | D:2      | Reached XP level 4. HP: 16/29 MP: 4/4
  3040 | D:3      | Reached skill level 4 in Shields
  3171 | D:4      | Noticed a black bear
  3186 | D:4      | Killed a black bear
  3187 | D:4      | Reached XP level 5. HP: 7/33 MP: 5/5
  3408 | D:4      | Reached XP level 6. HP: 37/38 MP: 6/6
  3485 | D:4      | Found a hazy altar of Hepliaklqana.
  3914 | D:4      | Noticed a black bear
  3920 | D:4      | Killed a black bear
  3921 | D:4      | Reached skill level 5 in Shields
  4109 | D:4      | Slain by an ogre

Illustrated notes

Levels and vault maps discovered:
D:1:      psy_arrival_statuary, layout_loops_cross,
          hellmonk_ecumenical_altar_inner_sanctum
D:2:      layout_basic, basic_altar
D:3:      layout_loops_ring, kennysheep_minor_cross, minmay_statues_item
D:4:      layout_gridville, mainiacjoe_overflow_24_doors, solitary_fountain

Skill      XL: |  1  2  3  4  5  6 |
---------------+-------------------+-----
Axes           | 2 3 4 |  4.1
Shields        | 4 5 |  5.0
Fighting       | 4 |  4.2
Armour         | 4 |  4.5
Dodging        | |  0.4

Action                   |  1- 3 |  4- 6 || total
-------------------------+-------+-------++-------
Melee: War axe           |   140 |   108 ||   248
  Use: Scroll            |       |    10 ||    10
       Potion            |       |     1 ||     1
Armor: Scale mail        |    13 |       ||    13
       Chain mail        |   104 |   130 ||   234
Dodge: Dodged            |    41 |    23 ||    64
Block: Kite shield       |   106 |    67 ||   173

Table legend: (Time is in decaauts)
 A = Elapsed time spent in this place.
 B = Non-inter-level travel time spent in this place.
 C = Inter-level travel time spent in this place.
 D = Time resting spent in this place.
 E = Time spent auto-exploring this place.
 F = Levels seen in this place.
 G = Mean time per level.
                   A        B        C        D        E       F      G
               +--------+--------+--------+--------+--------+-----+--------+
         Total |   4256 |   4256 |      0 |    549 |   2808 |   4 | 1064.0 |
       Dungeon |   4256 |   4256 |      0 |    549 |   2808 |   4 | 1064.0 |
               +--------+--------+--------+--------+--------+-----+--------+

Top non-repeatable levels by time:
     D:2: 1570 daAuts
     D:4: 1001 daAuts
     D:1: 875 daAuts
     D:3: 809 daAuts
